Map: Dreamcatcher LE

Players

iGRushcrazy (Rushcrazy) - Winner!

  • Race: Protoss Protoss
  • Spawn Location: 5:00

PtitDrogo

  • Race: Protoss Protoss
  • Spawn Location: 11:00

Event: WCS Valencia 2018

VOD

Have the link to the VOD?

Description

Time

  • Played on: July 12, 2018, 7 a.m.
  • Length: 9:27

All games in this series

Show
View Real Time Build Order
Export as new Build Order

iGRushcrazy Protoss - Winner!

Build Orders: Phoenix Opening 

Get SALT Encoding   

  12  0:00  Probe  
  13  0:12  Probe  
  14  0:17  Pylon  
  14  0:24  Probe  
  15  0:32  Probe  
  15  0:39  Gateway  
  15  0:40  Probe  
  16  0:47  Assimilator  
  17  0:51  Probe  
  17  0:56  Assimilator  
  18  0:59  Probe  
  19  1:07  Probe  
  20  1:13  Gateway  
  20  1:17  Probe  
  21  1:26  Cybernetics Core  
  21  1:30  Probe  
  22  1:38  Pylon  
  22  1:42  Probe  
  23  1:53  Warp Gate  
  23  1:56  Probe  
  24  2:02  Stalker  
  24  2:03  Sentry  
  24  2:06  Pylon  
  28  2:16  Probe  
  29  2:26  Stargate  
  29  2:36  Stalker  
  31  2:55  Nexus  
  31  3:02  Shield Battery, Phoenix  
  32  3:16  Pylon  
  32  3:24  Probe  
  32  3:26  Phoenix  
  35  3:37  Probe  
  36  3:42  Robotics Facility  
  36  3:50  Probe  
  37  3:56  Phoenix  
  39  4:03  Probe  
  39  4:08  Forge  
  40  4:10  Probe  
  40  4:16  Phoenix  
  41  4:22  Probe  
  41  4:24  Probe  
  44  4:30  Observer  
  46  4:32  Probe  
  46  4:34  Probe  
  46  4:37  Pylon  
  48  4:40  Probe  
  48  4:41  Protoss Ground Weapons Level 1  
  49  4:47  Probe  
  49  4:52  Probe  
  50  4:53  Adept  
  48  5:01  Adept  
  48  5:02  Probe  
  48  5:06  Probe  
  48  5:10  Probe  
  47  5:18  Probe x2  
  47  5:20  Adept  
  51  5:21  Adept  
  51  5:26  Probe  
  54  5:29  Probe  
  54  5:34  Probe  
  56  5:40  Immortal  
  56  5:41  Probe  
  58  5:45  Probe  
  58  5:48  Twilight Council  
  63  5:59  Probe  
  63  6:03  Pylon  
  64  6:06  Resonating Glaives  
  64  6:12  Immortal  
  64  6:17  Gateway  
  64  6:19  Gateway  
  64  6:27  Gateway  
  64  6:28  Gateway  
  64  6:29  Probe  
  65  6:39  Gateway  
  65  6:40  Gateway  
  65  6:43  Sentry  
  65  6:46  Pylon  
  67  6:51  Warp Prism  
  67  6:52  Adept  
  67  6:53  Pylon  
  69  7:01  Pylon  
  71  7:14  Adept x4  
  77  7:27  Adept x2  
  81  7:41  Adept x6  
  93  7:49  Pylon  
  93  8:04  Adept x5  
  101  8:09  Adept x2  
  95  8:19  Adept  
  67  8:35  Adept x5  
  67  8:42  Adept x2  
  67  8:46  Adept  
  67  8:57  Adept x2  
  67  8:59  Zealot x3  
  75  9:03  Zealot x2  
  75  9:12  Adept  
  67  9:20  Adept x5  
Show
View Real Time Build Order
Export as new Build Order

PtitDrogo Protoss 

Build Orders: Phoenix Opening, Zealot Archon 

Get SALT Encoding   

  12  0:00  Probe  
  13  0:13  Probe  
  14  0:17  Pylon  
  14  0:24  Probe  
  15  0:32  Probe  
  15  0:38  Gateway  
  15  0:40  Probe  
  16  0:46  Assimilator  
  17  0:50  Probe  
  17  0:54  Assimilator  
  18  0:58  Probe  
  19  1:06  Probe  
  20  1:13  Gateway  
  20  1:17  Probe  
  20  1:25  Cybernetics Core  
  21  1:29  Probe  
  22  1:34  Pylon  
  22  1:42  Probe  
  23  1:53  Warp Gate  
  23  1:54  Probe  
  24  2:01  Sentry, Stalker  
  28  2:12  Pylon  
  28  2:20  Probe  
  29  2:33  Stalker x2  
  33  2:49  Nexus  
  33  2:54  Shield Battery  
  33  2:58  Probe  
  38  3:05  Sentry x2  
  38  3:09  Phoenix  
  38  3:10  Probe  
  39  3:16  Pylon  
  39  3:22  Forge  
  39  3:38  Protoss Ground Weapons Level 1  
  39  3:39  Shield Battery, Probe  
  40  3:50  Probe  
  41  3:58  Probe  
  41  3:59  Probe  
  42  4:05  Adept x2  
  42  4:06  Probe  
  42  4:07  Probe  
  49  4:17  Twilight Council, Probe  
  49  4:18  Probe  
  51  4:27  Stalker  
  51  4:28  Stalker  
  51  4:30  Probe  
  56  4:33  Probe  
  57  4:39  Pylon  
  57  4:42  Probe  
  57  4:45  Probe  
  55  4:54  Probe  
  55  4:57  Probe  
  57  5:04  Blink  
  56  5:09  Probe x2  
  54  5:18  Assimilator  
  54  5:20  Assimilator  
  54  5:21  Probe x2, Protoss Ground Weapons Level 2  
  54  5:23  Adept x2  
  54  5:28  Pylon  
  60  5:33  Probe x2, Pylon  
  61  5:41  Probe  
  59  5:46  Probe  
  59  5:49  Probe  
  61  5:50  Stalker x2  
  66  5:58  Probe  
  66  6:00  Probe  
  68  6:10  Probe  
  65  6:12  Probe  
  65  6:13  Stalker x2  
  70  6:22  Probe  
  70  6:24  Probe  
  72  6:28  Robotics Facility  
  72  6:29  Nexus  
  72  6:34  Probe  
  72  6:36  Probe  
  72  6:38  Pylon  
  73  6:45  Gateway  
  73  6:47  Gateway  
  73  6:48  Templar Archives  
  73  6:50  Gateway  
  73  6:53  Gateway  
  73  7:00  Gateway  
  73  7:05  Gateway, Charge  
  72  7:25  Warp Prism  
  72  7:27  High Templar x2  
  78  7:30  Pylon  
  78  7:31  Pylon, Probe x2  
  78  7:36  Gateway  
  80  7:38  Archon  
  80  7:44  Shield Battery  
  80  7:47  Shield Battery  
  80  7:50  Photon Cannon  
  80  7:51  Pylon  
  80  7:55  High Templar x2  
  80  7:57  Zealot x3  
  90  7:59  Archon  
  90  8:03  Zealot x2  
  93  8:08  Immortal  
  76  8:22  Stalker x3  
  74  8:28  Zealot x2  
  74  8:29  Zealot  
  63  8:42  Stalker  
  63  8:47  Stalker x3  
  63  8:50  High Templar x2  
  63  8:54  Zealot  
  66  8:56  Archon  
  59  9:03  Stalker x2  
  56  9:15  Zealot x2  
  50  9:20  Zealot x2  
  50  9:24  High Templar  
Tags
 
Add a new tag
Caveats
  • Supply blocks, unpowered buildings, or Contaminate may cause inaccurate times.
  • Supply counts are checked every 10 seconds.